 Seeded DCSS version 0.30-a0-723-gc1506a1cf0 (webtiles) character file.

Game seed: 13178286030542442824 (custom seed)

5683 zeratav the Cleaver (level 10, -11/56 HPs)
             Began as a Vine Stalker Fighter on Jan 28, 2023.
             Was a Believer of Uskayaw.
             Mangled by Gastronok (15 damage)
             ... on level 8 of the Dungeon.
             The game lasted 00:13:51 (6747 turns).

zeratav the Cleaver (Vine Stalker Fighter)          Turns: 6747, Time: 00:13:52

Health: -11/56     AC: 12    Str: 23    XL:     10   Next: 75%
Magic:  0/11       EV: 13    Int:  8    God:    Uskayaw [**....]
Gold:   282        SH:  9    Dex: 14    Spells: 9/9 levels left

rFire   . . .      SeeInvis +    s - +4 hand axe (distort) {!waxe}
rCold   . . .      Faith    .    c - +0 buckler
rNeg    . . .      Spirit   +    O - +3 ring mail {rPois}
rPois   +          Reflect  +    I - +0 helmet
rElec   .          Harm     .    m - +0 cloak
rCorr   .          Rampage  .    q - +0 pair of gloves
Will    +....                    F - +0 pair of boots
Stlth   +                        D - amulet of reflection
HPRegen 1.09/turn                C - ring of see invisible
MPRegen 0.12/turn                (no ring)

@: slowed, studying Translocations, very slow
A: fangs 3, regeneration 1, magic shield, antimagic bite, no potion heal 2
a: Renounce Religion, Stomp, Line Pass


You were on level 8 of the Dungeon.
You worshipped Uskayaw.
Uskayaw was noncommittal.
You visited 2 branches of the dungeon, and saw 9 of its levels.
You also visited: Bailey.

You collected 432 gold pieces.
You spent 150 gold pieces at shops.


Innate Abilities, Weirdness & Mutations

You have razor-sharp teeth.
Your natural rate of healing is unusually fast.
When hurt, damage is shared between your health and your magic reserves.
Your bite disrupts and absorbs the magic of your enemies.
Potions cannot restore your health.


   Skills:
 + Level 8.1 Fighting
 - Level 10.0 Axes
 - Level 2.4 Armour
 + Level 6.8 Dodging
 - Level 2.6 Shields


You had 9 spell levels left.
You didn't know any spells.
Your spell library contained the following spells:

 Spells                   Type           Power      Damage    Failure   Level
 Ozocubu's Armour         Ice            0%         N/A       95%         3
 Stone Arrow              Conj/Erth      0%         3d7       95%         3
 Animate Armour           Summ/Erth      0%         N/A       100%        4
 Metabolic Englaciation   Hex/Ice        0%         N/A       100%        5
 Simulacrum               Ice/Necr       0%         N/A       100%        6
 Lehudib's Crystal Spear  Conj/Erth      0%         10d2      100%        8

Inventory:

Hand Weapons
 s - a +4 hand axe of distortion (weapon) {!waxe}
   (You took it off an orc on level 4 of the Dungeon)
 v - the +11 Singing Sword {sonic wave}
   (You found it on level 4 of the Dungeon)
 A - the +12 long sword of Hismutz {speed, Int+3, long}
   (You found it on level 3 of the Dungeon)

   Int:       It affects your intelligence (+3).
 N - the +7 hand axe of Gikhlopn {heavy, +Blink Str+3, axe}
   (You took it off an orc on level 8 of the Dungeon)

   Str:       It affects your strength (+3).
   +Blink:    It lets you blink.
Armour
 c - a +0 buckler (worn)
 m - a +0 cloak (worn)
   (You found it on level 1 of the Dungeon)
 q - a +0 pair of gloves (worn)
   (You found it on level 4 of the Dungeon)
 F - a +0 pair of boots (worn)
   (You found it on level 6 of the Dungeon)
 I - a +0 helmet (worn)
   (You found it on level 7 of the Dungeon)
 O - a +3 ring mail of poison resistance (worn)
   (You found it in a bailey)
Jewellery
 C - a ring of see invisible (left hand)
   (You bought it in a shop on level 3 of the Dungeon)
 D - an amulet of reflection (around neck)
   (You found it on level 3 of the Dungeon)
 G - a ring of protection from fire
   (You found it on level 6 of the Dungeon)
Wands
 L - a wand of roots (19)
   (You took it off Pikel on level 7 of the Dungeon)
Scrolls
 e - a scroll of summoning
 h - 4 scrolls of teleportation {@r4}
 j - 7 scrolls of magic mapping {!r}
 k - a scroll of noise {!r}
 u - a scroll of immolation {!r!r}
 x - 2 scrolls of fear
 y - a scroll of silence {!r}
 z - 3 scrolls of vulnerability {!r!r}
 H - 2 scrolls of blinking {!r}
 M - 2 scrolls of amnesia
Potions
 a - a potion of berserk rage {!q}
 d - 4 potions of might
 f - a potion of flight
 g - 2 potions of heal wounds {@q2}
 l - 3 potions of resistance {unknown}
 n - 2 potions of haste {unknown}
 o - 5 potions of curing {unknown}
 p - a potion of attraction {unknown}
 r - a potion of lignification {unknown}
 t - 2 potions of ambrosia {unknown}
 w - a potion of brilliance {unknown}
 E - a potion of mutation {unknown}
 J - a potion of magic {unknown}

Dungeon Overview and Level Annotations

Branches:
Dungeon (8/15) Zot: 26651  Temple (1/1) D:4 Zot: 5774  Bailey (visited)
   Lair: D:8-11

Altars:
Ashenzari
Cheibriados
Dithmenos
Elyvilon
Fedhas
Gozag
Hepliaklqana
Kikubaaqudgha
Makhleb
Nemelex Xobeh
Okawaru
Qazlal
Ru
Sif Muna
Trog
Uskayaw
Vehumet
Wu Jian
Xom
Yredelemnul
Zin
The Shining One

Shops:
D:3 =   D:7 *   D:8 *

Annotations:
D:8 Gastronok

....)...#.######.###:............
.#...#..### ##..##.†##.........
.....##.## #...###..†..###..♣.
...####....####....#.)##..# ##...
....# #......#.........#...# ..>.
...## #####........!...##........
....# #..#.........##........
....# ...##.w....#..#........
....# .. ##@...##.##.......
#.....[............ #.........###
..........#.. ...............
.............#. .............#
..............


You could see Gastronok (magic disrupted).


Message History

You regained 10 hp, and now have 34/56 hp.
HP[+1] HP[+1] HP[+1]
You start resting.
Gastronok is nearby!
HP[+10] MP[+1]
You regained 10 hp, and now have 47/56 hp.
HP[+1] MP[+1] Gastronok looks at you while chanting.
You feel yourself slow down.
You see here a book of Necromancy.
HP[+1]
You see here a vampire mosquito corpse.
HP[+2]
You regained 2 hp, and now have 51/56 hp.
HP[+1]
Things that are here:
a +2 dagger of chaos {short}; a +0 robe; the human corpse of Psyche {!w} HP[+2]
You regained 2 hp, and now have 54/56 hp.
HP[+2]
Your hp is fully restored (56).
MP[+1]
You start resting.
Gastronok is nearby!
MP[+1] Gastronok chants a spell, wobbling all the while.
MP[+1]
Your mp is fully restored (11).
You hit Gastronok.
Gastronok waves his eye-stalks in wide circles.
The air twists around and strikes you!!
HP[-24] MP[-5]
You take 24 damage, and now have 32/56 hp.
MASSIVE DAMAGE!! (PAUSE)
You lost 5 mp, and now have 6/11 mp.
You barely miss Gastronok. You bite Gastronok.
Gastronok's magic leaks into the air.
You drain his magic.
You feel invigorated.
Gastronok's magic is no longer disrupted.
Gastronok barely misses you.
HP[+2] MP[+5]
You regained 2 hp, and now have 34/56 hp.
Your mp is fully restored (11).
You slash Gastronok!
Space warps horribly around Gastronok!
You bite Gastronok.
Gastronok's magic leaks into the air.
You drain his magic.
HP[+1]
You slash Gastronok!
Gastronok blinks!
HP[+2]
You regained 2 hp, and now have 37/56 hp.
HP[+1] Gastronok's magic is no longer disrupted.
HP[+2]
You regained 2 hp, and now have 40/56 hp.
Gastronok bites you!
HP[-11] MP[-4]
You take 11 damage, and now have 29/56 hp.
You lost 4 mp, and now have 7/11 mp.
You slash Gastronok!
Space warps horribly around Gastronok!
Gastronok closely misses you.
You can now pass through a line of other dancers.
HP[+1]
You hit Gastronok.
Space warps horribly around Gastronok!!
You bite Gastronok!
Gastronok's magic leaks into the air.
You drain his magic.
You feel invigorated. Gastronok bites you!!
* * * LOW HITPOINT WARNING * * *
HP[-18] MP[-3]
You take 18 damage, and now have 12/56 hp.
MASSIVE DAMAGE!! (PAUSE)
You lost 3 mp, and now have 4/11 mp.
Aiming: Line Pass
Press: ? - help, Dir - move target Gastronok appears confused.
You can no longer pass through a line of other dancers.
Gastronok seems less confused.
HP[+2] MP[-4]
You regained 2 hp, and now have 14/56 hp.
You lost 4 mp, and now have 0/11 mp.
You barely miss Gastronok. You bite Gastronok.
Gastronok's magic leaks into the air.
You drain his magic.
You feel invigorated. You block Gastronok's attack.
HP[+2] MP[+7]
You regained 2 hp, and now have 16/56 hp.
You regained 7 mp, and now have 7/11 mp.
You slash Gastronok!
Space warps horribly around Gastronok!
You bite Gastronok!
Gastronok's magic leaks into the air.
You drain his magic.
You feel invigorated. Gastronok bites you!!
* * * LOW HITPOINT WARNING * * *
You can now pass through a line of other dancers.
HP[-15] MP[-6]
You take 15 damage, and now have 1/56 hp.
MASSIVE DAMAGE!! (PAUSE)
You lost 6 mp, and now have 1/11 mp.
You hit Gastronok but do no damage.
HP[+1]
You slash Gastronok!
Space warps horribly around Gastronok!
You bite Gastronok.
Gastronok's magic leaks into the air.
You drain his magic.
You feel invigorated. Gastronok bites you!!
You die...

Skill      XL: |  1  2  3  4  5  6  7  8  9 10 |
---------------+-------------------------------+-----
Axes           | 2 3 4 6 8 10 | 10.0
Fighting       | 3 6 8 |  8.1
Dodging        | 1 5 6 |  6.8
Armour         | |  2.4
Shields        | |  2.6

Action                     |  1- 3 |  4- 6 |  7- 9 | 10-12 || total
---------------------------+-------+-------+-------+-------++-------
  Melee: War axe           |    93 |    67 |       |       ||   160
         Bite              |    19 |    22 |    71 |    35 ||   147
         Hand axe          |       |    47 |   262 |   106 ||   415
 Invoke: Line Pass         |       |     1 |     1 |     2 ||     4
    Use: Scroll            |       |       |       |    16 ||    16
   Stab: Paralysed         |       |       |    11 |     8 ||    19
 Armour: Scale mail        |    35 |    47 |    61 |    10 ||   153
         Ring mail         |       |       |       |    25 ||    25
  Dodge: Dodged            |    36 |    46 |    79 |    53 ||   214
  Block: Buckler           |    17 |    27 |    91 |    58 ||   193
         Reflection        |       |       |     4 |    13 ||    17

Levels and vault maps discovered:
D:1:      scummos_arrival_simple_crosswalls, layout_loops_ring
D:2:      cheibrodos_greedy_goblins, layout_basic, basic_altar,
          dreamdust_wishing_well, kennysheep_generic_room_13
D:3:      layout_basic, chequers_ecumenical_altar_simple, serial_shops,
          nicolae_shop_window_shopping, uniq_crazy_yiuf_cottage
D:4:      old_forge, layout_basic, okawaru_gym_becter,
          minmay_temple_entry_stoned_glass, uniq_grinder, uniq_edmund
D:5:      layout_basic, ashenzari_conservatory_becter, st_stairs_14
D:6:      nicolae_BIG_FREAKIN_CUBE, layout_layer_cave, minmay_manual_mail
D:7:      layout_cave_pools, serial_shops, shop, nicolae_underground_beach,
          uniq_pikel
D:8:      layout_cave_pools, serial_shops, nicolae_shop_trees, enter_bailey_2,
          uniq_psyche, uniq_gastronok
Temple:   nicolae_temple_slightly_damp_pantheon

Notes
Turn   | Place    | Note
-------+----------+-------------------------------------------
     0 | D:1      | zeratav the Vine Stalker Fighter began the quest for the
                  | Orb.
     0 | D:1      | Reached XP level 1. HP: 11/11 MP: 2/2
     0 | D:1      | magus.rc [v1.9.6]
     0 | D:1      | Upgraded the game from 0.30-a0-722-g3e6e8c874d to
                  | 0.30-a0-723-gc1506a1cf0
     0 | D:1      | magus.rc [v1.9.6]
    29 | D:1      | Reached skill level 2 in Axes
    51 | D:1      | Reached XP level 2. HP: 16/16 MP: 3/3
   248 | D:1      | Reached skill level 3 in Axes
   301 | D:1      | Reached XP level 3. HP: 19/19 MP: 4/4
   850 | D:2      | Found a hazy altar of Hepliaklqana.
  1044 | D:2      | Gained mutation: Your natural rate of healing is unusually
                  | fast. [Vine Stalker growth]
  1044 | D:2      | Reached XP level 4. HP: 23/23 MP: 5/5
  1064 | D:2      | Reached skill level 4 in Axes
  1235 | D:2      | You fall into a shaft and drop 2 floors!
  1301 | D:4      | HP: 2/23 [orc priest/divine providence (11)]
  1416 | D:4      | Reached XP level 5. HP: 27/27 MP: 6/6
  1464 | D:4      | Reached skill level 5 in Axes
  1489 | D:4      | Noticed Edmund
  1492 | D:4      | Found a staircase to the Ecumenical Temple.
  1499 | D:4      | Killed Edmund
  1500 | D:4      | Reached skill level 6 in Axes
  1500 | D:4      | Reached XP level 6. HP: 29/32 MP: 7/7
  1506 | Temple   | Entered the Ecumenical Temple
  1721 | Temple   | Became a worshipper of Uskayaw the Reveller
  1774 | D:4      | Found an iron altar of Okawaru.
  1811 | D:4      | Reached * piety under Uskayaw
  1824 | D:4      | Reached ** piety under Uskayaw
  1957 | D:4      | Reached *** piety under Uskayaw
  1958 | D:4      | HP: 8/32 [gnoll/+0 halberd (8)]
  1999 | D:4      | Reached XP level 7. HP: 35/35 MP: 8/8
  2002 | D:4      | Reached **** piety under Uskayaw
  2003 | D:4      | Reached skill level 7 in Axes
  2032 | D:4      | Found the +11 Singing Sword {sonic wave}
  2033 | D:4      | Reached ***** piety under Uskayaw
  2177 | D:4      | Reached skill level 8 in Axes
  2219 | D:4      | Noticed Grinder
  2238 | D:4      | Killed Grinder
  2239 | D:4      | Gained mutation: You have razor-sharp teeth. [Vine Stalker
                  | growth]
  2239 | D:4      | Reached XP level 8. HP: 33/39 MP: 7/9
  2363 | D:4      | You pick up a book of Armaments and begin reading...
  2363 | D:4      | You add the spells Stone Arrow, Animate Armour and
                  | Lehudib's Crystal Spear to your library.
  2566 | D:3      | Found a faded altar of an unknown god.
  2672 | D:3      | Identified the +12 long sword of Hismutz {speed, Int+3}
  2849 | D:3      | Found Rasuw's Jewellery Emporium.
  2890 | D:3      | Bought a ring of see invisible for 150 gold pieces
  3246 | D:3      | Found a runed translucent door.
  3247 | D:3      | Noticed Crazy Yiuf
  3449 | D:3      | HP: 9/39 [Crazy Yiuf/+2 quarterstaff of chaos (10)]
  3454 | D:3      | Killed Crazy Yiuf
  3454 | D:3      | HP: 6/39 [poisoned by Crazy Yiuf]
  3455 | D:3      | Reached skill level 9 in Axes
  3901 | D:5      | Entered Level 5 of the Dungeon
  3966 | D:5      | Found a broken altar of Ashenzari.
  4023 | D:5      | Identified the +0 chain mail of the Enchanting Gods {+Inv}
  4328 | D:5      | Reached skill level 10 in Axes
  4372 | D:6      | Reached skill level 3 in Fighting
  4372 | D:6      | Reached skill level 1 in Dodging
  4445 | D:6      | Reached XP level 9. HP: 44/44 MP: 10/10
  4446 | D:6      | Reached skill level 2 in Dodging
  4456 | D:6      | Reached ****** piety under Uskayaw
  4464 | D:6      | Reached skill level 4 in Fighting
  4487 | D:6      | Reached skill level 3 in Dodging
  5161 | D:6      | Reached skill level 5 in Fighting
  5679 | D:7      | Reached skill level 4 in Dodging
  5686 | D:7      | Found Ehothri's General Store.
  5760 | D:7      | Noticed Pikel
  5794 | D:7      | Killed Pikel
  5795 | D:7      | Reached skill level 6 in Fighting
  5870 | D:7      | Reached skill level 5 in Dodging
  5870 | D:7      | Reached XP level 10. HP: 53/53 MP: 11/11
  6191 | D:8      | Identified the +7 hand axe of Gikhlopn {heavy, +Blink
                  | Str+3}
  6195 | D:8      | Found a flagged portal.
  6205 | Bailey   | Entered a bailey
  6271 | Bailey   | Noticed an orc knight
  6297 | Bailey   | Banished an orc knight
  6298 | Bailey   | Reached skill level 7 in Fighting
  6383 | Bailey   | Reached skill level 6 in Dodging
  6399 | Bailey   | Found a burning altar of Makhleb.
  6410 | Bailey   | Identified the +1 leather armour "Weal" {rN+ Int+4 Stlth-}
  6523 | D:8      | You pick up a book of Winter and begin reading...
  6523 | D:8      | You add the spells Ozocubu's Armour, Metabolic Englaciation
                  | and Simulacrum to your library.
  6640 | D:8      | Found Taigas's General Store.
  6650 | D:8      | Noticed Gastronok
  6657 | D:8      | Noticed Psyche
  6678 | D:8      | Killed Psyche
  6679 | D:8      | Reached skill level 8 in Fighting
  6742 | D:8      | HP: 12/56 [Gastronok (19)]
  6745 | D:8      | HP: 1/56 [Gastronok (16)]
  6747 | D:8      | Mangled by Gastronok

Vanquished Creatures
  Pikel (D:7)
  Psyche (D:8)
  Grinder (D:4)
  A yak (D:6)
  4 vampire mosquitoes (D:8)
  Edmund (D:4)
  A water moccasin (D:8)
  5 orc warriors (Bailey)
  A sky beast (D:6)
  2 ice beasts (D:6)
  An ogre (D:6)
  2 centaurs
  A lemure (D:7)
  A phantom (D:7)
  6 kobold brigands
  8 scorpions
  A necrophage (D:6)
  2 howler monkeys
  4 hounds
  2 gnoll boudas
  A jelly (D:5)
  5 orc priests
  Crazy Yiuf (D:3)
  3 iguanas
  4 orc wizards
  19 gnolls
  7 adders
  A shadow imp (D:6)
  A white imp (D:5)
  2 ufetubi
  A worm (D:5)
  2 dart slugs
  28 orcs
  8 ball pythons
  7 endoplasms
  2 giant cockroaches
  16 goblins
  10 hobgoblins
  7 jackals (D:1)
  5 quokkas
  14 bats
  3 frilled lizards
  18 kobolds
  5 rats
216 creatures vanquished.

Vanquished Creatures (others)
  A kobold (D:8)
  6 fungi (D:4)
7 creatures vanquished.

Grand Total: 223 creatures vanquished

Table legend:
 A = Non-vault XP
 B = Vault XP
 C = Vault XP percentage of total XP
 D = Non-vault monster count
 E = Vault monster count
 F = Vault count percentage of total count
                 A         B        C        D         E       F
            +---------+---------+-------+---------+---------+-------
      Total |    3666 |    4453 |  54.8 |     169 |      60 |  26.2
            +---------+---------+-------+---------+---------+-------
        D:1 |      53 |       0 |   0.0 |      31 |       0 |   0.0
        D:2 |      38 |      18 |  32.1 |      17 |       9 |  34.6
        D:3 |      32 |      40 |  55.6 |      13 |       1 |   7.1
        D:4 |     504 |     898 |  64.1 |      39 |      18 |  31.6
        D:5 |     462 |      90 |  16.3 |      18 |       2 |  10.0
        D:6 |     918 |     460 |  33.4 |      22 |       5 |  18.5
        D:7 |     619 |     651 |  51.3 |      15 |       1 |   6.2
        D:8 |    1040 |     383 |  26.9 |      14 |       1 |   6.7
     Bailey |       0 |    1913 | 100.0 |       0 |      23 | 100.0
            +---------+---------+-------+---------+---------+-------

Illustrated notes

Table legend:
 A = Kills in this place as a percentage of kills in entire the game.
 B = Kills by you in this place as a percentage of kills by you in the entire game.
 C = Kills by friends in this place as a percentage of kills by friends in the entire game.
 D = Other kills in this place as a percentage of other kills in the entire game.
 E = Experience gained in this place as a percentage of experience gained in the entire game.
 F = Experience gained in this place divided by the number of levels of this place that you have seen.
                   A       B       C       D       E      F
               +-------+-------+-------+-------+-------+----------------------
         Total | 100.0 | 100.0 |   N/A | 100.0 | 100.0 | 811.9
       Dungeon |  90.0 |  90.7 |   N/A |  78.6 |  76.4 | 775.8
        Bailey |  10.0 |   9.3 |   N/A |  21.4 |  23.6 | 1913.0
               +-------+-------+-------+-------+-------+----------------------

Table legend: (Time is in decaauts)
 A = Elapsed time spent in this place.
 B = Non-inter-level travel time spent in this place.
 C = Inter-level travel time spent in this place.
 D = Time resting spent in this place.
 E = Time spent auto-exploring this place.
 F = Levels seen in this place.
 G = Mean time per level.
                   A        B        C        D        E       F      G
               +--------+--------+--------+--------+--------+-----+--------+
         Total |   6800 |   6469 |    331 |    204 |   4779 |  10 |  680.0 |
       Dungeon |   6327 |   6033 |    294 |    136 |   4595 |   8 |  790.9 |
        Temple |    225 |    189 |     36 |      0 |    168 |   1 |  225.0 |
        Bailey |    247 |    247 |      0 |     68 |     16 |   1 |  247.0 |
               +--------+--------+--------+--------+--------+-----+--------+

Top non-repeatable levels by time:
     D:6: 1162 daAuts
     D:4: 1103 daAuts
     D:3: 1088 daAuts
     D:2: 772 daAuts
     D:1: 768 daAuts
     D:7: 631 daAuts
     D:5: 454 daAuts
     D:8: 347 daAuts
  Bailey: 247 daAuts
  Temple: 225 daAuts
